 Dungeon Crawl Stone Soup version 0.12.2-12-gd1dd697 (webtiles) character file.

974 Ractero the Ducker (level 7, -12/45 HPs)
             Began as a Sludge Elf Assassin on July 20, 2013.
             Was a Follower of Okawaru.
             Mangled by an ogre
             ... wielding a +0,+0 giant club
              (15 damage)
             ... on Level 4 of the Dungeon.
             The game lasted 00:45:21 (5258 turns).

Ractero the Ducker (Sludge Elf Assassin)            Turns: 5258, Time: 00:45:21

HP -12/45        AC  6     Str 12      XL: 7   Next: 70%
MP   9/9         EV 14     Int 12      God: Okawaru [*.....]
Gold 256         SH  0     Dex 16      Spells:  1 memorised,  5 levels left

Res.Fire  : . . .   See Invis. : .   k - +1,+5 dwarf dagger (venom)
Res.Cold  : . . .   Warding    : .   w - +1 orc leather armour {MR}
Life Prot.: . . .   Conserve   : .   (no shield)
Res.Poison: .       Res.Corr.  : .   (no helmet)
Res.Elec. : .       Clarity    : .   d - +0 elf cloak
Sust.Abil.: . .     Spirit.Shd : .   (no gloves)
Res.Mut.  : .       Stasis     : .   y - +0 pair of boots
Res.Rott. : .       Ctrl.Telep.: .   (no amulet)
Saprovore : . . .   Flight     : .   (no ring)
                                     g - ring of flight

@: somewhat resistant to hostile enchantments, quite stealthy
A: evolution 1, Int -1
a: Heroism, Renounce Religion, Evoke Flight


You were on level 4 of the Dungeon.
You worshipped Okawaru.
Okawaru was pleased with you.
You were not hungry.

You visited 1 branch of the dungeon, and saw 6 of its levels.

You collected 206 gold pieces.

Inventory:

Hand weapons
 a - a +2,+2 elven dagger {=f}
 b - a +0 elven blowgun
 k - a +1,+5 dwarven dagger of venom (weapon)
 B - a +0,+0 short sword
Missiles
 e - 6 poisoned needles
 i - 29 darts (quivered)
 m - 2 javelins
 r - a throwing net
 C - 4 silver darts
Armour
 c - a +0 elven robe
 d - a +0 elven cloak (worn)
 u - a +0 cloak
 w - a +1 orcish leather armour of magic resistance (worn)
 y - a +0 pair of boots (worn)
Magical devices
 q - a wand of digging (7) {unknown}
Comestibles
 A - a meat ration
 D - 2 bread rations
Scrolls
 f - a scroll of blinking {unknown}
 l - 2 scrolls of remove curse
 o - a scroll of amnesia
 p - a scroll of identify
 s - a scroll of fog {unknown}
 v - 2 scrolls of random uselessness
 z - a scroll of fear
 E - a scroll of teleportation
Jewellery
 g - a ring of flight (left hand)
 t - an uncursed ring of ice {unknown}
Potions
 h - 2 potions of agility
 j - 3 potions of curing
Books
 F - a book of Alchemy

   Spells                             Type                      Level
   *Lethal Infusion                   Charms/Necromancy            2
   Sublimation of Blood               Necromancy                   2
   Condensation Shield                Ice                          4
   Alistair's Intoxication            Transmutation/Poison         4
   Petrify                            Transmutation/Earth          4
   Ignite Poison                      Fire/Transmutation           5


   Skills:
 + Level 2.9 Fighting
 + Level 3.1 Short Blades
 + Level 4.5 Throwing
 + Level 0.8 Armour
 + Level 5.7 Dodging
 + Level 4.1 Stealth
 + Level 3.1 Stabbing
 + Level 2.0 Traps
 + Level 0.7 Spellcasting
 + Level 0.1 Charms
 + Level 0.4 Necromancy


You had 5 spell levels left.
You knew the following spells:

 Your Spells              Type           Power        Failure   Level  Hunger
a - Lethal Infusion       Chrm/Necr      #.........   61%         2    ###....


Dungeon Overview and Level Annotations

Branches:
Dungeon (6/27)
 Temple: D:4-7          Orc: D:6-11

Altars:
Fedhas
Makhleb
Nemelex Xobeh
Okawaru

Annotations
D:5 Ractero's ghost, average HuAs


Innate Abilities, Weirdness & Mutations

You are dopey (Int -1).
You evolve.


Message History

* * * LOW HITPOINT WARNING * * *
The adder closely misses you.
Drink which item? (? for menu, Esc to quit)
Okay, then.
A bat comes into view.
The bat misses you.
You closely miss the bat. The ogre misses you. The bat closely misses you.
The adder barely misses you. The bat hits you but does no damage.
The bat barely misses you.
You barely miss the bat. The adder bites you.
* * * LOW HITPOINT WARNING * * *
The bat barely misses you. The bat hits you but does no damage.
The bat closely misses you. The bat hits you but does no damage.
The bat closely misses you. The bat hits you.
* * * LOW HITPOINT WARNING * * *
The bat misses you. The ogre hits you with a giant club!
You die...

..####..###.#######.#####.#### ##
....##..###.#...........#.######.
....#.......##..................#
..#.##.#.##...........#..#####.##
..#.##.#.##.##................##.
..#.#.......##..##...#...#.#.....
#.###....#..................#####
................##.##.#..#.......
#...........#.#.@O.......#.#.....
............#.#.##S...##.#.#...[.
.#.#..........#.......##.........
...#.#...#..###.......##.#.##....
.#.#........###.#...........+....
..............#.#....#.#....#....
#.....###.....................#.#
#......##.#...................#.#
#......##.#%..#.#.##.#........#..


You could see an ogre and an adder.

Vanquished Creatures
  Eustachio (D:4)
  An ogre (D:4)
  A centaur (D:5)
  2 hounds (D:6)
  A scorpion (D:6)
  An iguana (D:5)
  3 worker ants (D:4)
  Ijyb (D:4)
  Terence (D:3)
  4 gnolls
  6 adders
  An adder skeleton (D:5)
  4 worms
  An ooze (D:3)
  2 orcs
  7 bats
  5 giant cockroaches
  10 goblins
  10 hobgoblins
  3 quokkas
  2 ball pythons
  5 giant geckos
  4 giant newts
  4 kobolds
  7 rats
87 creatures vanquished.

Notes
Turn   | Place    | Note
--------------------------------------------------------------
     0 | D:1      | Ractero, the Sludge Elf Assassin, began the quest for the Orb.
     0 | D:1      | Reached XP level 1. HP: 13/13 MP: 0/0
   145 | D:1      | Reached XP level 2. HP: 4/18 MP: 2/2
  1283 | D:2      | Reached XP level 3. HP: 11/23 MP: 3/3
  1635 | D:2      | Found an iron altar of Okawaru.
  1646 | D:2      | Became a worshipper of Warmaster Okawaru
  2177 | D:2      | Reached skill level 1 in Traps
  2370 | D:3      | Noticed Terence
  2395 | D:3      | Killed Terence
  2395 | D:3      | Reached XP level 4. HP: 13/29 MP: 4/4
  2627 | D:3      | Gained mutation: You are clumsy (Dex -1). [potion of mutation]
  2627 | D:3      | Gained mutation: You are dopey (Int -1). [potion of mutation]
  2627 | D:3      | Gained mutation: You evolve. [potion of mutation]
  2891 | D:3      | Reached XP level 5. HP: 34/34 MP: 6/6
  3558 | D:5      | Entered Level 5 of the Dungeon
  3810 | D:4      | Found a sparkling altar of Nemelex Xobeh.
  3849 | D:4      | Noticed Ijyb
  3869 | D:4      | Killed Ijyb
  3869 | D:4      | Reached XP level 6. HP: 32/39 MP: 7/7
  3965 | D:4      | Learned a level 2 spell: Lethal Infusion
  3988 | D:4      | Noticed Eustachio
  4048 | D:4      | Lost mutation: You are clumsy (Dex -1). [evolution]
  4311 | D:4      | Killed Eustachio
  4311 | D:4      | Reached skill level 4 in Dodging
  4337 | D:4      | Reached XP level 7. HP: 40/45 MP: 8/8
  4480 | D:4      | Reached skill level 5 in Dodging
  4904 | D:5      | Found a blossoming altar of Fedhas.
  4907 | D:5      | Noticed Ractero's ghost (average HuAs)
  5100 | D:6      | Found a burning altar of Makhleb.
  5127 | D:6      | Acquired Okawaru's first power
  5203 | D:5      | Noticed an ogre
  5230 | D:5      | HP: 2/45 [adder (2)]
  5245 | D:4      | HP: 2/45 [adder (1)]
  5258 | D:4      | Mangled by an ogre

Action                   |  1- 3 |  4- 6 |  7- 9 || total
-------------------------+-------+-------+-------++-------
Melee: Dagger            |   131 |   143 |    50 ||   324
 Fire: Blowgun           |     4 |    27 |       ||    31
Throw: Dart              |     2 |     3 |     5 ||    10
 Cast: Lethal Infusion   |       |     1 |       ||     1
  Use: Scroll            |     1 |     6 |    10 ||    17
       Potion            |       |    10 |       ||    10
 Stab: Sleeping          |     7 |     6 |     2 ||    15
